 Dungeon Crawl Stone Soup version 0.23.2-40-g277498a001 (webtiles) character file.

Game seed: 11661276990715033467

5054 Emblim88 the Ruffian (level 10, -6/100 HPs)
             Began as a Troll Berserker on Oct 18, 2019.
             Was a High Priest of Trog.
             Mangled by an orc warrior
             ... wielding a +0 halberd
              (13 damage)
             ... on level 8 of the Dungeon.
             The game lasted 00:20:36 (6090 turns).

Emblim88 the Ruffian (Troll Berserker)              Turns: 6090, Time: 00:20:36

Health: -6/100     AC:  7    Str: 37    XL:     10   Next: 31%
Magic:  4/4        EV: 13    Int:  4    God:    Trog [*****.]
Gold:   213        SH:  0    Dex: 13    Spells: 9/9 levels left

rFire    . . .     SeeInvis .   I - +9 glaive (antimagic)
rCold    . . .     Gourm    +   (shield currently unavailable)
rNeg     . . .     Faith    .   J - +0 robe of the Special Places {*Slow Str+4 Dex+4}
rPois    .         Spirit   .   (helmet restricted)
rElec    .         Reflect  .   k - +0 cloak
rCorr    .         Harm     .   (gloves unavailable)
MR       +....                  (boots unavailable)
Stlth    +.........             (no amulet)
HPRegen  0.66/turn              w - +4 ring of strength
MPRegen  0.09/turn              C - ring of protection from magic

@: berserk cooldown
A: large, unfitting armour, claws 3, fast metabolism 3, gourmand, regeneration
1, shaggy fur 1, tough skin 3
a: Berserk, Trog's Hand, Brothers in Arms, Renounce Religion


You were on level 8 of the Dungeon.
You worshipped Trog.
Trog was extremely pleased with you.
You were not hungry.

You visited 1 branch of the dungeon, and saw 8 of its levels.
You also visited: Ossuary.

You collected 361 gold pieces.
You spent 148 gold pieces at shops.

Inventory:

Hand Weapons
 s - the +9 trident of Equilibrium {pierce, rF+ Int+3 Dex+2}
   (You found it on level 4 of the Dungeon)

   It inflicts extra damage upon your enemies.
   It affects your intelligence (+3).
   It affects your dexterity (+2).
   It protects you from fire.
 I - a +9 antimagic glaive (weapon)
Armour
 a - a +0 animal skin
 k - a +0 cloak (worn)
 J - the +0 robe of the Special Places (worn) {*Slow Str+4 Dex+4}
   (You found it on level 8 of the Dungeon)

   It affects your strength (+4).
   It affects your dexterity (+4).
   It may slow you when you take damage.
Jewellery
 w - a +4 ring of strength (left claw)
 x - a +2 ring of intelligence
 C - a ring of protection from magic (right claw)
 F - an uncursed ring of ice
 G - an uncursed ring of protection from fire
 H - an uncursed ring of ice
Wands
 c - a wand of random effects (13)
 y - a wand of flame (17)
Scrolls
 d - 10 scrolls of teleportation
 e - 3 scrolls of remove curse
 i - 3 scrolls of enchant armour {unknown}
 m - 3 scrolls of fog
 p - a scroll of random uselessness
 q - 2 scrolls of amnesia {unknown}
 r - a scroll of enchant weapon
 u - 2 scrolls of blinking {unknown}
 v - a scroll of noise
 D - a scroll of magic mapping
Potions
 f - a potion of berserk rage
 g - 4 potions of mutation {unknown}
 h - 4 potions of curing
 j - 2 potions of haste {unknown}
 l - a potion of might
 n - 3 potions of heal wounds {unknown}
 o - 3 potions of brilliance {unknown}
 t - a potion of resistance
 z - a potion of degeneration
 A - a potion of magic {unknown}
 B - 2 potions of lignification {unknown}
Comestibles
 b - 17 rations


   Skills:
 + Level 6.4 Fighting
 * Level 6.2 Polearms
 + Level 6.4 Dodging
 - Level 7.2 Unarmed Combat
 * Level 4.1 Evocations


You had 9 spell levels left.
You didn't know any spells.
Your spell library was empty.

Dungeon Overview and Level Annotations

Branches:
Dungeon (8/15)             Temple (0/1) D:7
   Lair: D:8-11

Altars:
Ashenzari
Elyvilon
Fedhas
Gozag
Nemelex Xobeh
Okawaru
Qazlal
Ru
Uskayaw
Vehumet
Wu Jian
Xom
Yredelemnul
The Shining One

Shops:
D:6 *


Innate Abilities, Weirdness & Mutations

You are too large for most types of armour.
You have claws for hands.
Your metabolism is lightning-fast.
You like to eat raw meat.
Your natural rate of healing is unusually fast.
You are covered in fur. (AC +1)
You have extremely tough skin. (AC +3)


Message History

The orc hits you with a +0 war axe. The orc closely misses you.
The orc warrior barely misses you. The orc hits you with a +0 war axe!
You slice the orc!!
You kill the orc!
Trog accepts your kill.
The orc hits you with a cursed -1 flail.
The orc warrior hits you with a +0 halberd!
* * * LOW HITPOINT WARNING * * *
The orc hits you but does no damage. The orc warrior misses you.
You hit the orc warrior but do no damage.
The orc warrior is moderately wounded.
You feel yourself speed up. The orc misses you.
The orc warrior hits you with a +0 halberd!
* * * LOW HITPOINT WARNING * * *
The orc misses you. The orc barely misses you.
You slash the orc warrior!
The orc warrior is heavily wounded.
The orc warrior hits you with a +0 halberd!
You die...

#.# .. #.########## ...
#........... ....
####.....########....
##.................###
.......)............>.
##.#......####..# #
#.##.........#.##.#.#.#
# ###.#####.#.@)o.....
...# #.#oo###.#.# #####
#.#... #.###.# #.# ..
###### #.# #.# #....#
#.# .. ###....# #.. ...
#......#


You could see an orc warrior and 2 orcs.

Vanquished Creatures
  A two-headed ogre (D:8)
  Pikel (D:7)
  A hippogriff (D:8)
  2 black bears
  2 orc warriors (D:8)
  3 sky beasts
  A slave (D:7)
  2 ice beasts
  3 ogres
  2 necrophages (D:8)
  A phantom (D:6)
  4 centaurs
  3 bullfrogs
  4 elf zombies (Ossuary)
  A water moccasin zombie (D:8)
  A howler monkey (D:7)
  2 centaur zombies (Ossuary)
  A crimson imp (D:7)
  A bullfrog zombie (D:8)
  2 jellies
  A bullfrog skeleton (D:5)
  7 orc priests
  7 hounds
  A human zombie (Ossuary)
  An iguana (D:4)
  5 orc wizards
  13 worker ants
  2 hound zombies
  2 hound skeletons
  3 mummies (Ossuary)
  A worker ant zombie (D:7)
  6 gnolls
  11 adders
  2 shadow imps
  An ooze (D:2)
  3 adder zombies
  An adder skeleton (D:5)
  3 worms
  3 dart slugs
  6 leopard geckos
  41 orcs
  7 bats
  4 giant cockroaches
  6 goblins
  7 hobgoblins
  8 jackals
  5 kobolds
  2 quokkas
  A ball python (D:3)
  2 frilled lizards (D:2)
  3 gnoll zombies (Ossuary)
  4 goblin zombies
  6 hobgoblin zombies (Ossuary)
  A jackal zombie (Ossuary)
  3 kobold zombies (Ossuary)
  A leopard gecko skeleton (D:4)
  2 orc zombies (Ossuary)
  A quokka skeleton (D:4)
  4 quokka zombies
  9 rats
  6 rat zombies (Ossuary)
240 creatures vanquished.

Vanquished Creatures (others)
  An ogre (D:5)
  An adder (D:5)
  A giant cockroach (D:5)
  A frilled lizard (D:5)
4 creatures vanquished.

Grand Total: 244 creatures vanquished

Notes
Turn   | Place    | Note
-------+----------+-------------------------------------------
     0 | D:1      | Emblim88 the Troll Berserker began the quest for the Orb.
     0 | D:1      | Reached XP level 1. HP: 22/22 MP: 0/0
   112 | D:1      | Reached XP level 2. HP: 29/29 MP: 1/1
   667 | D:1      | Reached ** piety under Trog
   737 | D:2      | Reached XP level 3. HP: 18/36 MP: 2/2
   768 | D:2      | Reached skill level 4 in Unarmed Combat
   817 | D:2      | Reached XP level 4. HP: 44/44 MP: 3/3
  1497 | D:3      | Reached XP level 5. HP: 32/53 MP: 4/4
  1622 | D:3      | Found a glowing golden altar of the Shining One.
  2048 | D:3      | Reached *** piety under Trog
  2050 | D:3      | Reached skill level 5 in Unarmed Combat
  2161 | D:4      | Noticed a sky beast
  2165 | D:4      | Killed a sky beast
  2165 | D:4      | Reached XP level 6. HP: 61/61 MP: 5/5
  2370 | D:4      | Found a sparkling altar of Nemelex Xobeh.
  2429 | D:4      | Reached skill level 6 in Unarmed Combat
  2436 | D:4      | Got a smoking trident
  2484 | D:4      | Identified the +9 trident of Equilibrium {pierce, rF+ Int+3
                  | Dex+2} (You found it on level 4 of the Dungeon)
  2512 | D:4      | Reached XP level 7. HP: 68/68 MP: 6/6
  2767 | D:4      | Found a sacrificial altar of Ru.
  2958 | D:5      | Entered Level 5 of the Dungeon
  3098 | D:5      | Found an iron altar of Okawaru.
  3108 | D:5      | Found a stormy altar of Qazlal.
  3111 | D:5      | Found an ornate altar of the Wu Jian Council.
  3112 | D:5      | Found a shattered altar of Ashenzari.
  3113 | D:5      | Found an opulent altar of Gozag.
  3145 | D:5      | Found a shimmering altar of Xom.
  3277 | D:5      | Reached skill level 7 in Unarmed Combat
  3305 | D:5      | Reached **** piety under Trog
  3340 | D:5      | Reached XP level 8. HP: 79/79 MP: 7/7
  3370 | D:5      | Found a sand-covered staircase.
  3381 | Ossuary  | Entered an ossuary
  3423 | Ossuary  | Reached skill level 1 in Polearms
  3563 | Ossuary  | Reached skill level 5 in Fighting
  3610 | Ossuary  | Reached ***** piety under Trog
  3610 | Ossuary  | Reached skill level 5 in Dodging
  4026 | D:6      | Found a hide-covered altar of Uskayaw.
  4070 | D:6      | Found a radiant altar of Vehumet.
  4238 | D:6      | Reached XP level 9. HP: 88/88 MP: 8/8
  4378 | D:6      | Found Elydih's General Store.
  4381 | D:6      | Bought a scroll of fog for 22 gold pieces
  4381 | D:6      | Bought a scroll of magic mapping for 38 gold pieces
  4381 | D:6      | Bought a scroll of remove curse for 33 gold pieces
  4381 | D:6      | Bought a potion of curing for 33 gold pieces
  4381 | D:6      | Bought a scroll of identify for 22 gold pieces
  4637 | D:6      | Reached skill level 1 in Evocations
  4697 | D:6      | Found a glowing golden altar of the Shining One.
  4862 | D:7      | Found a white marble altar of Elyvilon.
  5036 | D:7      | Found a basalt altar of Yredelemnul.
  5113 | D:7      | Found a staircase to the Ecumenical Temple.
  5189 | D:7      | Noticed Pikel
  5203 | D:7      | Killed Pikel
  5203 | D:7      | Reached skill level 5 in Polearms
  5408 | D:7      | Found a white marble altar of Elyvilon.
  5521 | D:8      | Found a blossoming altar of Fedhas.
  5571 | D:8      | Received a gift from Trog
  5686 | D:8      | Reached XP level 10. HP: 94/98 MP: 11/11
  5735 | D:8      | Got a crude robe
  5746 | D:8      | Identified the cursed +0 robe of the Special Places {*Slow
                  | Str+4 Dex+4} (You found it on level 8 of the Dungeon)
  6058 | D:8      | Noticed a two-headed ogre
  6063 | D:8      | Killed a two-headed ogre
  6090 | D:8      | Mangled by an orc warrior

Skill      XL: |  1  2  3  4  5  6  7  8  9 10 |
---------------+-------------------------------+-----
Unarmed Combat | 4 5 6 7 |  7.2
Fighting       | 3 4 5 6 |  6.4
Dodging        | 3 4 5 6 |  6.4
Polearms       | 3 5 6 |  6.2
Evocations     | 3 4 |  4.1

Action                   |  1- 3 |  4- 6 |  7- 9 | 10-12 || total
-------------------------+-------+-------+-------+-------++-------
Melee: Unarmed           |    58 |   135 |       |       ||   193
       Trident           |       |     3 |   365 |     9 ||   377
       Punch             |       |     1 |    17 |       ||    18
       Glaive            |       |       |       |    30 ||    30
Invok: Berserk           |     1 |     2 |     4 |     1 ||     8
  Use: Scroll            |       |       |     7 |     3 ||    10
 Stab: Sleeping          |       |     1 |     3 |       ||     4
  Eat: Chunk             |     8 |    15 |    21 |     2 ||    46
       Ration            |       |       |     5 |       ||     5
Armor: Animal skin       |    32 |    43 |    94 |     2 ||   171
       Robe              |       |       |       |     5 ||     5
Dodge: Dodged            |    34 |    62 |   161 |    21 ||   278
